Unix NetHack Version 3.7.0-89 Work-in-progress - last build Sep 8 2023 01:29:47 (8494bff02b67719303c47e298deaa89034127798,branch:master). Game began 2023-09-21 11:50:57, ended 2023-09-21 12:25:21. unit327, chaotic female orcish Rogue --------------- #...............# ### ----- ------- ####|.............|## #--------------- ### |...| |.....+### |............e.###%###############-.e@:)dFF.G...| ######-...| |.....| |.......>.....| # #|.d.......a...|### |...| |.....| -|------------- # #|.....e..@.kx.|# |...| |......# ### ## #|.B.........:.|# #....| |.....|# ## ## ##---|-----------# #----- --|----# # # -------- ##############""### # # # # ## |......| ### # # ### ### # |......-### # # ## # # |......| #%## # ###### ##-......| # # #--.----.---- -------- ## ## ## #|..........| -.-----.---# #|..<.......| |.........|# #...........| |......>^.|# |..........| |*.........# --.--------- ----------- # Unit327 the Cutpurse St:13 Dx:17 Co:15 In:14 Wi:9 Ch:10 Chaotic Dlvl:4 $:27 HP:0(27) Pw:13(13) AC:3 Xp:4/110 T:2725 Latest messages: You kill the iguana! You swap places with cujo. The door opens. Cujo misses the giant bat. In what direction? The orcish dagger hits the giant bat. The giant bat bites! You hit the giant bat. The giant bat bites! The giant bat bites! In what direction? You throw 2 orcish daggers. The 1st orcish dagger misses the giant bat. The 2nd orcish dagger hits the giant bat. The giant bat misses! In what direction? The orcish dagger hits the giant bat. The giant bat just misses! The giant bat bites! In what direction? You feel more confident in your weapon skills. The orcish dagger hits the giant bat. The giant bat bites! The giant bat bites! # You are now more skilled in dagger. In what direction? You throw 2 orcish daggers. The 1st orcish dagger hits the giant bat. You kill the giant bat! i - 5 uncursed +0 orcish daggers (at the ready). i - an uncursed +0 orcish dagger (at the ready) (6 in total). The statue comes to life! Pick an object. What do you want to write with? [- ixyB-D or ?*] You write in the dust with your fingertip. The freezing sphere turns to flee. Pick an object. What do you want to ready? [- $iCD or ?*] Never mind. Pick an object. You swap places with cujo. Something is written here in the dust. You read: "L||e?cth". Cujo bites the freezing sphere. The freezing sphere explodes! Boom! Cujo is caught in the freezing sphere's explosion! You are caught in the freezing sphere's explosion! It is fatal. Inventory: Coins ('$') $ - 27 gold pieces Weapons (')') C - 13 uncursed corroded +0 darts B - an uncursed +1 elven dagger (weapon in hand) D - an uncursed +0 elven dagger i - 6 uncursed +0 orcish daggers (at the ready) Armor ('[') o - an uncursed +0 large shield (being worn) s - an uncursed +0 elven mithril-coat (being worn) Comestibles ('%') t - an uncursed carrot h - an uncursed cream pie g - 2 uncursed food rations J - an uncursed food ration M - 2 uncursed tins of broiled kitten meat w - 2 uncursed lichen corpses O - an uncursed lichen corpse Scrolls ('?') K - a blessed scroll of light Potions ('!') d - an uncursed potion of sickness L - an uncursed potion of water Rings ('=') x - an uncursed ring of slow digestion (on right hand) Wands ('/') y - an uncursed wand of cold (0:6) Tools ('(') F - an uncursed sack containing 5 items k - an uncursed lock pick Contents of the sack: 32 gold pieces a blessed scroll of remove curse an uncursed scroll of taming a blessed potion of sickness an uncursed potion of sickness Unit327 the Rogue's attributes: Background: You were a Cutpurse, a level 4 female orcish Rogue. You were chaotic, on a mission for Kos who was opposed by Issek (lawful) and Mog (neutral). You were in the Dungeons of Doom, on level 4. You entered the dungeon 2725 turns ago. You had 110 experience points, 50 more were needed to attain level 5. Basics: You had 0 out of 27 hit points. You had all 13 energy points (spell power). Your armor class was 3. Your wallet contained 27 zorkmids, and you had 32 more stashed away in your pack. Autopickup was on for '$?!/="+' plus thrown, with exceptions. Final Characteristics: Your strength was 13 (limit:18/50). Your dexterity was 17 (limit:18). Your constitution was 15 (limit:18). Your intelligence was 14 (limit:16). Your wisdom was 9 (limit:16). Your charisma was 10 (limit:16). Final Status: You were not hungry. You were unencumbered. You were wielding a dagger. You were skilled in dagger. Final Attributes: You were piously aligned. You were poison resistant. You had infravision. You were stealthy. You had slower digestion. You were guarded. You are dead. Miscellaneous: You never encountered a bones level. Total elapsed playing time was 34 minutes and 23 seconds. Major events: Turn 1: unit327 the chaotic female orcish Rogue entered the dungeon 1321: attained the rank of Cutpurse (level 3) 2725: killed by a freezing sphere's explosion Vanquished creatures: a freezing sphere a shrieker 3 giant bats 3 iguanas an acid blob 3 coyotes 2 hobbits 2 manes a large kobold a hobgoblin a giant rat 2 cave spiders a brown mold a yellow mold a green mold a garter snake a gnome zombie 4 geckos 4 jackals 2 foxes 2 kobolds 4 grid bugs 4 lichens 7 newts 53 creatures vanquished. No species were genocided or became extinct. Voluntary challenges: You read items or engraved 1 time. You engraved Elbereth 1 time. You never genocided any monsters. You never polymorphed an object. You never changed form. You used no wishes. Achievements: You entered a shop. You attained the rank of Cutpurse. The Dungeons of Doom: levels 1 to 5 Level 1: Level 2: A delicatessen, some fountains, a sink. Level 3: An altar to Kos. Level 4: <- You were here. Final resting place for you, killed by a freezing sphere's explosion. Level 5: Game over: ---------- / \ / REST \ / IN \ / PEACE \ / \ | unit327 | | 59 Au | | killed by a | | freezing | | sphere's | | explosion | | 2023 | *| * * * | * _________)/\\_//(\/(/\)/\//\/|_)_______ Goodbye unit327 the Rogue... You died in The Dungeons of Doom on dungeon level 4 with 724 points, and 59 pieces of gold, after 2725 moves. You were level 4 with a maximum of 27 hit points when you died.